Map: Chantier naval orbital

Players

Glamdring - Winner!

  • Race: Terran Terran

AgCl

  • Race: Protoss Protoss

VOD

Have the link to the VOD?

Description

Time

  • Played on: May 12, 2015, 8:39 p.m.
  • Length: 5:43
Show
View Real Time Build Order
Export as new Build Order

Glamdring Terran - Winner!

Build Orders:  

Get SALT Encoding   

  12  0:02  SCV  
  13  0:20  SCV  
  14  0:28  Supply Depot  
  14  0:32  SCV  
  15  0:49  SCV  
  16  0:52  Barracks  
  15  1:18  SCV  
  16  1:30  SCV  
  17  1:43  SCV  
  17  1:44  Barracks  
  17  1:45  Marine  
  17  1:46  Command Center  
  19  1:50  Refinery  
  19  1:51  Refinery  
  19  2:03  Orbital Command  
  19  2:05  Marine  
  20  2:25  Barracks  
  20  2:30  Marine  
  20  2:33  SCV, Supply Depot  
  20  2:36  Barracks Reactor  
  22  2:54  SCV  
  23  3:02  SCV  
  25  3:07  Barracks Reactor  
  24  3:15  Marine x2  
  26  3:22  Barracks Reactor  
  26  3:24  Barracks  
  26  3:32  Marine  
  26  3:35  Barracks  
  26  3:36  Barracks  
  25  3:42  Orbital Command  
  25  3:45  Marine x2  
  27  3:51  SCV  
  28  3:56  Factory  
  28  4:03  SCV  
  28  4:06  Marine x2  
  28  4:07  Marine  
  32  4:14  Barracks Reactor  
  32  4:15  SCV  
  33  4:18  SCV  
  33  4:21  Marine  
  35  4:27  SCV  
  35  4:30  SCV  
  37  4:32  Marine x2  
  37  4:34  Barracks Reactor x2  
  39  4:39  SCV  
  39  4:43  Supply Depot  
  40  4:52  Marine x4  
  44  4:54  SCV, Starport  
  42  5:03  Missile Turret  
  38  5:08  Marine  
Show
View Real Time Build Order
Export as new Build Order

AgCl Protoss 

Build Orders: Oracle Opening, Oracle Opening 

Get SALT Encoding   

  12  0:16  Pylon  
  12  0:17  Probe  
  13  0:29  Probe  
  14  0:41  Probe  
  15  0:48  Assimilator  
  15  0:49  Gateway  
  15  0:53  Probe  
  16  1:05  Probe  
  17  1:17  Probe  
  18  1:29  Probe  
  19  1:40  Cybernetics Core  
  19  1:41  Probe (Chrono Boost), Pylon  
  20  1:51  Probe (Chrono Boost)  
  21  1:58  Probe  
  22  2:07  Assimilator  
  22  2:08  Nexus  
  22  2:11  Probe (Chrono Boost)  
  23  2:22  Probe (Chrono Boost)  
  24  2:28  Probe (Chrono Boost), Stargate  
  25  2:40  Probe (Chrono Boost)  
  26  2:48  Probe (Chrono Boost), Warp Gate (Chrono Boost)  
  26  2:49  Pylon  
  27  2:57  Probe (Chrono Boost)  
  27  3:05  Adept  
  27  3:09  Mothership Core (Chrono Boost)  
  31  3:23  Probe (Chrono Boost)  
  33  3:28  Probe (Chrono Boost)  
  33  3:29  Gateway  
  33  3:31  Probe (Chrono Boost)  
  33  3:32  Gateway  
  34  3:35  Probe  
  34  3:40  Oracle  
  38  3:43  Probe  
  38  3:47  Probe (Chrono Boost)  
  41  3:59  Assimilator  
  41  4:00  Probe (Chrono Boost)  
  41  4:01  Probe (Chrono Boost), Nexus  
  42  4:08  Probe x2 (Chrono Boost)  
  42  4:09  Pylon  
  44  4:18  Probe  
  46  4:24  Fleet Beacon  
  46  4:25  Probe (Chrono Boost)  
  46  4:27  Pylon  
  46  4:31  Probe (Chrono Boost)  
  47  4:35  Assimilator  
  48  4:41  Probe x2 (Chrono Boost)  
  49  4:45  Forge  
  49  4:47  Probe  
  49  4:48  Probe  
  52  5:00  Probe x2  
  53  5:13  Probe (Chrono Boost)  
  53  5:14  Probe (Chrono Boost)  
  55  5:20  Probe (Chrono Boost)  
  64  5:29  Probe x2 (Chrono Boost)  
  64  5:30  Probe (Chrono Boost)  
Tags
 
Add a new tag
Caveats
  • Supply blocks, unpowered buildings, or Contaminate may cause inaccurate times.
  • Supply counts are checked every 10 seconds.